details: '4v4 rt 1 hour win LOL'

« prev index next »

General information

Mini Map

Players

team 1
NightElfdienafire (blue | 34 APM | 2124 actions | 63:08)
Hero icon 5 Demon Hunter
Ability icon 3 Evasion
Ability icon 2 Mana Burn
Hero icon 6 Priestess of the Moon
Ability icon 3 Trueshot Aura
Ability icon 2 Searing Arrows
Ability icon 1 Starfall
Hero icon 1 Blademaster
Ability icon 1 Mirror Image

» actions
Assign group hotkey14
Basic commands6
Build / train115
Enter build submenu35
Enter hero's abilities submenu13
Give item / drop item1
Right click1258
Select / deselect533
Select group hotkey32
Use ability117
2124 total
» units
Wisp41
Archer28
Druid of the Talon5
Hippogryph7
81 total
» upgrades
Strength of the Moon3
Improved Bows1
Moon Armor2
Marksmanship1
Reinforced Hides1
8 total
» buildings
Altar of Elders3
Moon Well11
Ancient of War5
Tree of Ages1
Tree of Life7
Hunter's Hall1
Ancient of Wind1
Tree of Eternity1
Ancient Protector5
35 total
» build order
00:11 Altar of Elders
00:20 Moon Well
01:50 Ancient of War
01:53 Ancient of War
01:58 Moon Well
03:53 Tree of Ages
04:00 Tree of Life
04:20 Moon Well
04:50 Hunter's Hall
06:36 Ancient of Wind
11:27 Moon Well
11:37 Moon Well
13:16 Moon Well
13:20 Tree of Eternity
19:32 Ancient Protector
19:34 Ancient Protector
19:36 Ancient Protector
19:38 Ancient Protector
19:41 Ancient Protector
21:05 Tree of Life
21:26 Tree of Life
29:06 Tree of Life
33:15 Tree of Life
37:17 Tree of Life
39:08 Moon Well
40:20 Altar of Elders
41:40 Moon Well
41:43 Ancient of War
42:45 Moon Well
42:54 Altar of Elders
45:20 Tree of Life
51:16 Moon Well
52:02 Ancient of War
52:43 Ancient of War
53:46 Moon Well
» items
Scroll of Town Portal3
Potion of Healing2
Orb of Fire2
Scroll of Regeneration3
10 total
Random» OrcStatuesofmen (red | 41 APM | 2540 actions | 61:35)
Hero icon 9 Blademaster
Ability icon 3 Wind Walk
Ability icon 3 Critical Strike
Ability icon 1 Bladestorm
Ability icon 2 Mirror Image
Hero icon 8 Tauren Chieftain
Ability icon 3 Endurance Aura
Ability icon 3 War Stomp
Ability icon 1 Reincarnation
Ability icon 1 Shockwave

» actions
Assign group hotkey23
Basic commands167
Build / train128
ESC pressed2
Enter build submenu55
Enter hero's abilities submenu17
Give item / drop item3
Remove unit from queue8
Right click1303
Select / deselect593
Select group hotkey110
Use ability131
2540 total
» units
Peon31
Wisp2
Grunt12
Huntress3
Wind Rider12
Shaman1
Demolisher5
Troll Headhunter/Berserker5
71 total
» upgrades
Pillage1
Strength of the Moon1
Strength of the Wild2
Armor2
Ranged Weapons3
Shaman Training2
Spiked Barricades2
Reinforced Defenses1
Berserker Upgrade1
15 total
» buildings
Altar of Storms2
Orc Burrow19
Barracks3
Altar of Elders1
War Mill2
Watch Tower12
Moon Well2
Voodoo Lounge3
Stronghold2
Beastiary3
Great Hall2
Spirit Lodge1
Fortress2
54 total
» build order
00:13 Altar of Storms
00:18 Orc Burrow
00:43 Barracks
01:37 Altar of Elders
01:47 Orc Burrow
02:04 War Mill
03:38 Watch Tower
04:00 Moon Well
04:06 Orc Burrow
04:40 Watch Tower
05:10 Voodoo Lounge
05:49 Stronghold
05:54 Watch Tower
08:33 Orc Burrow
09:46 Beastiary
09:53 Beastiary
10:39 Watch Tower
11:13 Orc Burrow
11:19 Orc Burrow
12:16 Orc Burrow
12:22 Orc Burrow
12:25 Watch Tower
12:30 Voodoo Lounge
13:50 Great Hall
14:20 Spirit Lodge
17:37 Moon Well
19:46 Fortress
21:53 Orc Burrow
23:00 Orc Burrow
24:30 Orc Burrow
24:32 Orc Burrow
24:36 Orc Burrow
27:36 Orc Burrow
28:45 Orc Burrow
30:12 Great Hall
31:26 Orc Burrow
35:12 Barracks
37:08 Stronghold
37:14 Voodoo Lounge
38:40 War Mill
40:12 Beastiary
40:15 Barracks
41:32 Altar of Storms
41:53 Watch Tower
42:44 Orc Burrow
42:45 Fortress
44:42 Watch Tower
44:45 Watch Tower
44:49 Watch Tower
44:54 Orc Burrow
45:32 Watch Tower
45:37 Watch Tower
45:43 Watch Tower
46:31 Orc Burrow
» items
Healing Salve1
Scroll of Speed1
Scroll of Town Portal4
Potion of Healing1
Orb of Lightning1
Scroll of Healing2
Scroll of Protection1
Periapt of Vitality1
12 total
HumanDwarvenAxePlus5 (teal | 49 APM | 3040 actions | 61:53)
Hero icon 9 Paladin
Ability icon 3 Holy Light
Ability icon 2 Divine Shield
Ability icon 3 Devotion Aura
Ability icon 1 Resurrection
Hero icon 4 Demon Hunter
Ability icon 2 Mana Burn
Ability icon 2 Evasion
Hero icon 7 Mountain King
Ability icon 3 Storm Bolt
Ability icon 3 Bash
Ability icon 1 Avatar

» actions
Assign group hotkey82
Basic commands275
Build / train206
ESC pressed5
Enter build submenu52
Enter hero's abilities submenu20
Give item / drop item3
Right click590
Select / deselect748
Select group hotkey824
Use ability235
3040 total
» units
Peasant34
Wisp9
Footman13
Huntress7
Priest20
Spell Breaker3
Archer3
Sorceress21
Dryad7
Druid of the Claw6
Knight5
Forest Troll Shadow Priest1
Dragonhawk Rider10
139 total
» upgrades
Defend1
Priest Training2
Abolish Magic1
Druid of the Claw Training2
Sorceress Training2
Strength of the Moon1
Strength of the Wild1
Animal War Training1
Plating2
Mark of the Claw1
Swords1
Cloud1
16 total
» buildings
Altar of Kings1
Farm10
Lumber Mill1
Moon Well5
Barracks2
Ancient of War2
Hunter's Hall1
Arcane Vault1
Keep1
Arcane Sanctum2
Tree of Ages1
Castle1
Ancient of Lore2
Tree of Eternity1
Blacksmith1
Town Hall4
Scout Tower13
Guard Tower10
Arcane Tower1
Gryphon Aviary2
62 total
» build order
00:06 Altar of Kings
00:09 Farm
00:12 Lumber Mill
00:46 Moon Well
00:54 Barracks
01:00 Ancient of War
01:41 Farm
02:04 Barracks
02:08 Hunter's Hall
02:27 Ancient of War
02:41 Arcane Vault
03:33 Farm
04:03 Keep
04:28 Farm
04:49 Moon Well
06:06 Farm
06:33 Arcane Sanctum
06:37 Tree of Ages
07:57 Arcane Sanctum
08:53 Farm
08:56 Castle
10:18 Ancient of Lore
10:19 Ancient of Lore
11:36 Tree of Eternity
11:57 Farm
13:36 Blacksmith
14:00 Moon Well
14:09 Town Hall
14:41 Moon Well
15:58 Farm
17:11 Farm
22:30 Farm
27:56 Town Hall
30:54 Scout Tower
32:14 Guard Tower
34:52 Town Hall
36:34 Scout Tower
36:36 Scout Tower
36:38 Scout Tower
37:24 Guard Tower
37:25 Guard Tower
38:13 Arcane Tower
38:37 Scout Tower
38:38 Scout Tower
39:21 Scout Tower
39:22 Scout Tower
39:24 Scout Tower
39:51 Guard Tower
39:53 Guard Tower
40:21 Guard Tower
40:44 Guard Tower
45:55 Scout Tower
45:56 Scout Tower
46:08 Scout Tower
46:25 Guard Tower
46:36 Guard Tower
49:27 Scout Tower
51:09 Gryphon Aviary
51:33 Guard Tower
51:36 Gryphon Aviary
53:35 Moon Well
60:04 Town Hall
» items
Lesser Clarity Potion4
Scroll of Town Portal4
Orb of Fire2
Scroll of Regeneration2
Potion of Lesser Invulnerability1
13 total
Random» NightElfKingofDC (yellow | 32 APM | 18 actions | 00:34)

» actions
Build / train3
Enter build submenu1
Right click7
Select / deselect6
Use ability1
18 total
» units
Wisp3
3 total
» buildings
Moon Well1
1 total
» build order
00:09 Moon Well
team 2
Random» HumaniMlCRO (orange | 84 APM | 5312 actions | 63:14)
Hero icon 9 Archmage
Ability icon 3 Summon Water Elemental
Ability icon 3 Brilliance Aura
Ability icon 1 Mass Teleport
Ability icon 2 Blizzard

» actions
Assign group hotkey145
Basic commands29
Build / train207
ESC pressed11
Enter build submenu117
Enter hero's abilities submenu9
Give item / drop item6
Remove unit from queue1
Right click3017
Select / deselect1014
Select group hotkey438
Use ability318
5312 total
» units
Peasant109
Footman5
Gryphon Rider6
Wisp11
Chimaera3
Hippogryph2
Peon5
Troll Batrider6
147 total
» upgrades
Masonry3
3 total
» buildings
Altar of Kings2
Barracks2
Farm14
Scout Tower16
Lumber Mill2
Arcane Tower5
Town Hall18
Arcane Vault2
Keep4
Guard Tower10
Castle1
Gryphon Aviary4
Tree of Life2
Stronghold2
Ancient of Wind1
Chimaera Roost4
Moon Well8
Beastiary5
Orc Burrow5
Great Hall1
Altar of Storms1
Voodoo Lounge1
Fortress1
111 total
» build order
00:08 Altar of Kings
00:20 Barracks
00:36 Farm
00:39 Farm
00:48 Farm
01:25 Farm
01:38 Scout Tower
02:00 Lumber Mill
02:11 Arcane Tower
02:11 Arcane Tower
03:35 Town Hall
03:44 Scout Tower
03:47 Scout Tower
03:48 Scout Tower
04:02 Farm
04:21 Arcane Vault
04:53 Keep
04:53 Keep
05:12 Arcane Tower
05:13 Guard Tower
05:13 Guard Tower
05:17 Guard Tower
05:22 Scout Tower
05:25 Scout Tower
05:50 Guard Tower
05:55 Guard Tower
05:56 Farm
06:10 Scout Tower
06:11 Scout Tower
06:40 Guard Tower
06:47 Keep
11:10 Castle
12:21 Town Hall
12:23 Scout Tower
12:23 Scout Tower
12:47 Lumber Mill
13:01 Arcane Tower
13:39 Farm
13:40 Farm
14:13 Gryphon Aviary
16:58 Altar of Kings
17:26 Scout Tower
17:27 Scout Tower
17:58 Guard Tower
18:30 Farm
18:32 Farm
18:45 Town Hall
18:48 Guard Tower
19:17 Gryphon Aviary
19:28 Guard Tower
19:40 Scout Tower
19:43 Scout Tower
19:45 Scout Tower
19:50 Scout Tower
20:06 Arcane Vault
20:45 Farm
20:47 Guard Tower
21:27 Farm
21:51 Tree of Life
22:25 Farm
22:58 Tree of Life
23:08 Gryphon Aviary
23:10 Gryphon Aviary
23:58 Stronghold
24:31 Keep
25:45 Town Hall
25:55 Ancient of Wind
27:07 Chimaera Roost
27:08 Chimaera Roost
27:11 Chimaera Roost
27:12 Chimaera Roost
27:19 Moon Well
27:20 Moon Well
27:20 Moon Well
27:20 Moon Well
27:21 Moon Well
27:24 Moon Well
27:44 Beastiary
27:50 Barracks
27:52 Beastiary
27:54 Orc Burrow
28:46 Moon Well
28:46 Moon Well
31:29 Town Hall
31:30 Town Hall
32:54 Great Hall
36:10 Town Hall
38:03 Town Hall
42:41 Stronghold
45:11 Altar of Storms
45:19 Beastiary
45:24 Orc Burrow
45:34 Town Hall
45:49 Farm
46:25 Voodoo Lounge
47:00 Town Hall
47:18 Town Hall
47:31 Town Hall
51:14 Orc Burrow
51:15 Orc Burrow
51:17 Orc Burrow
52:07 Town Hall
52:17 Beastiary
52:18 Beastiary
54:50 Fortress
55:00 Town Hall
60:05 Town Hall
61:12 Town Hall
62:05 Town Hall
62:24 Town Hall
» items
Potion of Healing4
Potion of Mana2
Scroll of Town Portal8
Boots of Speed1
Scroll of Healing2
Scroll of Protection1
Potion of Lesser Invulnerability1
Staff of Teleportation1
Lesser Clarity Potion1
Healing Salve2
23 total
OrcWarCreatesHeros (purple | 31 APM | 1984 actions | 63:09)
Hero icon 10 Blademaster
Ability icon 3 Wind Walk
Ability icon 3 Critical Strike
Ability icon 1 Bladestorm
Ability icon 3 Mirror Image
Hero icon 8 Tauren Chieftain
Ability icon 3 War Stomp
Ability icon 3 Endurance Aura
Ability icon 1 Reincarnation
Ability icon 1 Shockwave

» actions
Build / train164
Enter build submenu41
Enter hero's abilities submenu18
Give item / drop item4
Right click821
Select / deselect713
Use ability223
1984 total
» units
Peon30
Grunt2
Wind Rider35
Troll Batrider18
85 total
» upgrades
Pillage1
Spiked Barricades2
Ranged Weapons3
Envenomed Spears1
Reinforced Defenses1
Liquid Fire1
Armor3
12 total
» buildings
Altar of Storms1
Orc Burrow10
Barracks1
Voodoo Lounge1
War Mill1
Watch Tower11
Stronghold1
Great Hall5
Beastiary3
Fortress1
35 total
» build order
00:12 Altar of Storms
00:16 Orc Burrow
00:54 Barracks
01:06 Voodoo Lounge
01:44 Orc Burrow
02:29 War Mill
03:42 Watch Tower
03:50 Orc Burrow
03:58 Watch Tower
04:13 Watch Tower
05:48 Stronghold
07:43 Great Hall
08:48 Beastiary
08:51 Beastiary
08:56 Beastiary
11:07 Fortress
11:11 Orc Burrow
11:54 Orc Burrow
12:53 Orc Burrow
13:53 Watch Tower
16:47 Orc Burrow
18:41 Great Hall
21:16 Orc Burrow
21:22 Orc Burrow
21:26 Orc Burrow
23:34 Great Hall
24:23 Watch Tower
24:27 Watch Tower
24:31 Watch Tower
24:37 Watch Tower
25:28 Watch Tower
33:07 Watch Tower
41:12 Great Hall
48:20 Watch Tower
54:19 Great Hall
» items
Healing Salve15
Lesser Clarity Potion11
Potion of Healing2
Potion of Mana3
Dust of Appearance1
Scroll of Speed6
Orb of Lightning3
Scroll of Town Portal3
44 total
NightElfLaLiKiLLeR (pink | 60 APM | 1251 actions | 20:56)
Hero icon 5 Demon Hunter
Ability icon 3 Mana Burn
Ability icon 2 Evasion
Hero icon 2 Keeper of the Grove
Ability icon 1 Entangling Roots
Ability icon 1 Thorns Aura

» actions
Assign group hotkey3
Build / train73
Enter build submenu22
Enter hero's abilities submenu7
Give item / drop item2
Remove unit from queue1
Right click700
Select / deselect316
Select group hotkey27
Use ability100
1251 total
» units
Wisp28
Archer7
Druid of the Claw7
Forest Troll Shadow Priest1
Ogre Mauler1
Forest Troll Berserker1
45 total
» upgrades
Druid of the Claw Training2
Mark of the Claw1
Strength of the Wild2
Reinforced Hides1
6 total
» buildings
Altar of Elders1
Moon Well5
Ancient of War3
Tree of Ages1
Ancient of Wonders1
Hunter's Hall1
Ancient Protector4
Tree of Life2
Ancient of Lore2
Tree of Eternity1
21 total
» build order
00:24 Altar of Elders
00:26 Moon Well
00:59 Ancient of War
01:37 Moon Well
01:52 Ancient of War
01:55 Ancient of War
03:03 Tree of Ages
03:12 Ancient of Wonders
04:45 Hunter's Hall
04:52 Moon Well
06:23 Ancient Protector
06:24 Ancient Protector
06:26 Ancient Protector
06:28 Ancient Protector
07:58 Tree of Life
08:31 Ancient of Lore
08:38 Ancient of Lore
09:54 Tree of Eternity
13:24 Moon Well
13:30 Moon Well
17:47 Tree of Life
» items
Scroll of Speed2
Healing Salve2
Scroll of Town Portal2
Potion of Healing3
9 total
Random» OrcI_Wish_I_Was (green | 23 APM | 489 actions | 21:02)
Hero icon 5 Blademaster
Ability icon 1 Wind Walk
Ability icon 3 Critical Strike
Ability icon 1 Mirror Image
Hero icon 2 Shadow Hunter
Ability icon 1 Healing Wave
Ability icon 1 Hex

» actions
Basic commands6
Build / train58
Enter build submenu20
Enter hero's abilities submenu7
Remove unit from queue1
Right click133
Select / deselect213
Use ability51
489 total
» units
Peon12
Grunt12
Wind Rider7
31 total
» upgrades
Pillage1
Spiked Barricades2
Melee Weapons1
Armor2
Berserker Strength1
Ranged Weapons2
Envenomed Spears1
Pulverize0
10 total
» buildings
Orc Burrow7
Altar of Storms1
Barracks1
War Mill1
Voodoo Lounge1
Watch Tower4
Stronghold1
Fortress1
Beastiary2
Tauren Totem1
Great Hall1
21 total
» build order
00:09 Orc Burrow
00:13 Altar of Storms
00:33 Barracks
01:16 War Mill
01:43 Voodoo Lounge
02:06 Orc Burrow
02:59 Watch Tower
03:06 Orc Burrow
04:32 Watch Tower
05:44 Orc Burrow
06:11 Stronghold
07:29 Orc Burrow
09:25 Fortress
09:31 Beastiary
09:37 Beastiary
10:52 Watch Tower
13:15 Tauren Totem
13:25 Orc Burrow
14:02 Great Hall
14:54 Orc Burrow
18:38 Watch Tower
» items
Healing Salve2
Lesser Clarity Potion2
Scroll of Town Portal1
5 total

Chat log

(00:34 / Allies) LaLiKiLLeR: and tower

(04:01 / Allies) LaLiKiLLeR: expo there green

(06:14 / Allies) LaLiKiLLeR: nice tower

(07:52 / Allies) iMlCRO: im fine i have an expo
(08:09 / Allies) WarCreatesHeros: tp green
(08:10 / Allies) WarCreatesHeros: hurry
(08:12 / Allies) WarCreatesHeros: tp green

(09:51 / Allies) iMlCRO: wood plz
(10:26 / Allies) iMlCRO: hit their bases guys
(10:28 / Allies) iMlCRO: dont try to save mine
(10:54 / Allies) WarCreatesHeros: give me some gold fast ornage
(11:28 / Allies) iMlCRO: HIT THEM
(11:29 / Allies) iMlCRO: dont save me
(11:30 / Allies) iMlCRO: god
(11:33 / Allies) iMlCRO: wood me
(11:48 / Allies) iMlCRO: these kids suck
(12:05 / Allies) iMlCRO: wood

(14:00 / Allies) iMlCRO: check if they have expos
(14:08 / Allies) iMlCRO: wood sorry

(15:18 / Allies) iMlCRO: everyone go
(15:30 / Allies) iMlCRO: need more
(15:31 / Allies) iMlCRO: everyone come
(15:39 / Allies) iMlCRO: everyone
(15:40 / Allies) iMlCRO: pink
(16:01 / Allies) iMlCRO: TP
(16:03 / Allies) iMlCRO: BRING THOSE BEARS
(16:06 / Allies) iMlCRO: RIGHT ON TOP OF BLUE
(16:15 / Allies) iMlCRO: gj
(16:30 / Allies) iMlCRO: gj guys
(16:45 / Allies) iMlCRO: purp can i have some wood
(17:26 / Allies) LaLiKiLLeR: HIT?
(17:35 / Allies) iMlCRO: uhh if u want
(17:38 / Allies) iMlCRO: im making gryphs eventually
(18:14 / Allies) iMlCRO: teal is back here
(18:53 / Allies) iMlCRO: get out of there
(18:54 / Allies) iMlCRO: lol

(20:23 / All) dienafire: gg
(20:34 / Allies) iMlCRO: ..
(20:52 / Allies) LaLiKiLLeR: fail by rush
(20:54 / Allies) LaLiKiLLeR: noob
(20:55 / Allies) LaLiKiLLeR: shit

(26:57 / All) Statuesofmen: please leave

(28:09 / Allies) WarCreatesHeros: wood orange
(28:11 / Allies) iMlCRO: have none
(28:12 / Allies) iMlCRO: :\

(30:21 / All) Statuesofmen: guys please leave

(32:31 / Allies) iMlCRO: we need to base race
(32:33 / Allies) iMlCRO: get bats

(34:16 / Allies) iMlCRO: b]
(34:41 / All) Statuesofmen: gg
(34:55 / All) Statuesofmen: seriously please leave

(36:18 / Allies) iMlCRO: bat it
(36:22 / Allies) iMlCRO: lets go

(39:55 / Allies) WarCreatesHeros: get gold feed me orange
(40:02 / Allies) iMlCRO: k

(41:37 / Allies) WarCreatesHeros: wood?

(43:09 / Allies) WarCreatesHeros: gold?

(46:15 / Allies) iMlCRO: we gotta stop that

(49:38 / All) iMlCRO: hm
(49:41 / All) iMlCRO: owned?
(50:04 / All) dienafire: AT THE BOTTOM

(51:11 / Allies) iMlCRO: by the way.
(51:22 / Allies) iMlCRO: lol

(53:47 / Allies) WarCreatesHeros: gold for town hall orange
(53:48 / Allies) iMlCRO: red has shit
(54:25 / Allies) iMlCRO: kill that now
(54:59 / Allies) WarCreatesHeros: woods?
(55:14 / Allies) iMlCRO: go
(56:11 / Allies) WarCreatesHeros: no tp
(56:19 / Allies) iMlCRO: ok
(56:58 / Allies) iMlCRO: kill this siht
(57:17 / Allies) WarCreatesHeros: kill yellow now
(57:40 / Allies) iMlCRO: i need wood
(57:49 / Allies) WarCreatesHeros: u need woods
(57:53 / Allies) iMlCRO: get out
(57:56 / Allies) iMlCRO: tc on tc
(57:57 / Allies) iMlCRO: tp on tc
(58:06 / Allies) iMlCRO: TP ON TC

(59:12 / Allies) iMlCRO: get wood
(59:16 / Allies) WarCreatesHeros: getting

(61:02 / Allies) iMlCRO: kill that shit
(61:35 / All) iMlCRO: hahaha.
(61:51 / All) DwarvenAxePlus5: gg
(61:54 / All) iMlCRO: gg LOL
(62:19 / Allies) iMlCRO: good job bro
(62:40 / Allies) iMlCRO: gimme 300 gold
(62:53 / Allies) iMlCRO: ty